 Dungeon Crawl Stone Soup version 0.23.2 (webtiles) character file.

Game seed: 13072462081639573755

69 Borgoz the Cutter (level 4, -2/27 HPs)
             Began as a Gargoyle Gladiator on Apr 9, 2019.
             Killed by divine providence
             ... invoked by an orc priest
              (13 damage)
             ... on level 2 of the Dungeon.
             The game lasted 00:01:56 (1331 turns).

Borgoz the Cutter (Gargoyle Gladiator)              Turns: 1331, Time: 00:01:57

Health: -2/27      AC:  9    Str: 17    XL:     4   Next: 20%
Magic:  4/4        EV: 12    Int:  9    God:
Gold:   68         SH:  0    Dex: 12    Spells: 3/3 levels left

rFire    . . .     SeeInvis .   a - +0 rapier
rCold    . . .     Gourm    .   (no shield)
rNeg     + . .     Faith    .   b - +0 leather armour
rPois    ∞         Spirit   .   i - +2 helmet
rElec    +         Reflect  .   (no cloak)
rCorr    .         Harm     .   (no gloves)
MR       .....                  (no boots)
Stlth    +.........             (no amulet)
HPRegen  0.09/turn              (no ring)
MPRegen  0.09/turn              (no ring)

@: no status effects
A: negative energy resistance 1, electricity resistance, unbreathing,
petrification resistance, rot immunity, AC +3
a: no special abilities


You were on level 2 of the Dungeon.
You were hungry.

You visited 1 branch of the dungeon, and saw 2 of its levels.

You collected 68 gold pieces.

Inventory:

Hand Weapons
 a - a +0 rapier (weapon)
Missiles
 d - 3 throwing nets (quivered)
Armour
 b - a +0 leather armour (worn)
 i - a +2 helmet (worn)
Jewellery
 g - an uncursed amulet of the gourmand {unknown}
Scrolls
 c - a scroll of enchant armour {unknown}
 l - a scroll of identify {unknown}
 n - a scroll of fog {unknown}
Potions
 e - a potion of curing {unknown}
 h - a potion of agility {unknown}
 j - 3 potions of heal wounds {unknown}
 k - a potion of flight {unknown}
 m - a potion of degeneration {unknown}
 o - a potion of magic {unknown}
Comestibles
 f - 5 rations


   Skills:
 + Level 2.7 Fighting
 * Level 3.2 Short Blades
 - Level 1.7 Throwing
 + Level 1.1 Armour
 * Level 3.0 Dodging
 + Level 1.3 Stealth


You had 3 spell levels left.
You didn't know any spells.
Your spell library was empty.

Dungeon Overview and Level Annotations

Branches:
Dungeon (2/15)

Altars:


Innate Abilities, Weirdness & Mutations

You are resistant to torment.
Your stone body is resilient. (AC +3)
You are immune to poison.
You resist negative energy. (rN+)
You are resistant to electric shocks. (rElec)
You can survive without breathing.
You are immune to petrification.
You are immune to rotting.


Message History

Deactivating autopickup; reactivate with Ctrl-A.
You barely miss the orc priest.
The orc priest is almost dead.
The orc priest calls upon Beogh to heal the orc priest.
The orc priest is healed somewhat.
The orc priest misses you.
You hit the orc priest.
The orc priest is severely wounded.
The orc priest hits you but does no damage. x2
Something hits you but does no damage.
You hit the orc priest.
The orc priest is almost dead.
The orc priest begins to cast a cantrip, but forgets the words!
The orc priest mumbles some strange prayers to Beogh against you.
Pain shoots through your body! Something hits you but does no damage.
You hit the orc priest.
The orc priest is almost dead.
The orc priest hits you but does no damage.
The orc priest mumbles some strange prayers to Beogh against you.
Beogh smites you!
You die...

.# ####### .# #####
#.....# .# #...####
#.....###.# +....##.
#.#....o....##.##.......
......o@................
.....###...###.###......
... #...###.##....... .
#.......##.÷.....
##......##.......
+...............
..####............###
.......<..>...........
....#####..#...##.....


You could see 2 orc priests.

Vanquished Creatures
  An ooze (D:1)
  2 worms (D:2)
  3 dart slugs
  A leopard gecko (D:2)
  6 bats
  3 giant cockroaches
  7 goblins
  4 hobgoblins
  4 jackals (D:2)
  8 kobolds
  A ball python (D:1)
  3 frilled lizards
  7 rats
50 creatures vanquished.

Notes
Turn   | Place    | Note
-------+----------+-------------------------------------------
     0 | D:1      | Borgoz the Gargoyle Gladiator began the quest for the Orb.
     0 | D:1      | Reached XP level 1. HP: 12/12 MP: 1/1
   280 | D:1      | Reached XP level 2. HP: 9/18 MP: 2/2
   506 | D:1      | Reached XP level 3. HP: 17/22 MP: 3/3
   603 | D:1      | Reached skill level 1 in Stealth
  1045 | D:2      | Reached skill level 1 in Armour
  1049 | D:2      | Reached XP level 4. HP: 26/27 MP: 4/4
  1331 | D:2      | Killed from afar by an orc priest

Skill      XL: |  1  2  3 |
---------------+----------+-----
Short Blades   | 3 |  3.2
Stealth        | 1 |  1.3
Armour         | 1 |  1.1
Dodging        | 3 |  3.0
Fighting       | |  2.7
Throwing       | |  1.7

Action                   |  1- 3 |  4- 6 || total
-------------------------+-------+-------++-------
Melee: Rapier            |   140 |    36 ||   176
 Stab: Sleeping          |     1 |       ||     1
  Eat: Chunk             |     1 |       ||     1
Armor: Leather armour    |    65 |    17 ||    82
Dodge: Dodged            |   109 |    28 ||   137
